 Dungeon Crawl Stone Soup version 0.29.0-10-g45618ea6d2 (webtiles) character file.

Game seed: 16574488565033572079

922 Flugkiller the Chopper (level 7, -1/62 HPs)
             Began as a Minotaur Fighter on Sept 1, 2022.
             Was a Follower of Okawaru.
             Slain by a centaur (3 damage)
             ... on level 5 of the Dungeon.
             The game lasted 00:01:47 (3598 turns).

Flugkiller the Chopper (Minotaur Fighter)           Turns: 3598, Time: 00:01:47

Health: -1/62      AC: 12    Str: 21    XL:     7   Next: 84%
Magic:  5/7        EV:  6    Int:  5    God:    Okawaru [*.....]
Gold:   138        SH:  5    Dex: 11    Spells: 6/6 levels left

rFire   . . .      SeeInvis .   s - +0 war axe (elec)
rCold   . . .      Faith    .   c - +0 buckler
rNeg    . . .      Spirit   .   p - +0 plate armour
rPois   .          Reflect  .   (helmet restricted)
rElec   .          Harm     .   (no cloak)
rCorr   .          Rampage  .   (no gloves)
Will    .....                   (no boots)
Stlth   ..........              (no amulet)
HPRegen 0.20/turn               (no ring)
MPRegen 0.10/turn               (no ring)

@: mighty, attractive
A: horns 2, retaliatory headbutt
a: Renounce Religion, Heroism


You were on level 5 of the Dungeon.
You worshipped Okawaru.
Okawaru was aware of your devotion.
You visited 2 branches of the dungeon, and saw 6 of its levels.

You collected 138 gold pieces.

Inventory:

Hand Weapons
 a - a +0 war axe
 s - a +0 war axe of electrocution (weapon)
   (You found it on level 3 of the Dungeon)
Armour
 b - a +0 scale mail
 c - a +0 buckler (worn)
 p - a +0 plate armour (worn)
   (You found it on level 3 of the Dungeon)
 r - a +0 kite shield
   (You found it on level 3 of the Dungeon)
 v - the +0 pair of boots of the Illusory People {Harm rN++ Str-4}
   (You found it on level 4 of the Dungeon)

   Str:       It affects your strength (-4).
   rN:        It greatly protects you from negative energy.
   Harm:      It increases damage dealt and taken.
Jewellery
 m - a ring of magical power
   (You found it on level 2 of the Dungeon)
 u - a +6 ring of intelligence
   (You found it on level 4 of the Dungeon)
Scrolls
 f - a scroll of enchant weapon {unknown}
 g - 5 scrolls of identify {unknown}
 i - 2 scrolls of teleportation {unknown}
 k - a scroll of vulnerability {unknown}
 n - a scroll of brand weapon {unknown}
 q - a scroll of silence {unknown}
Potions
 d - a potion of might
 e - 2 potions of attraction
 j - 2 potions of resistance {unknown}
 l - a potion of flight {unknown}
 o - a potion of haste {unknown}
 t - a potion of mutation {unknown}
 w - 2 potions of heal wounds


   Skills:
 + Level 5.9 Fighting
 * Level 7.2 Axes
 + Level 5.9 Armour
 + Level 5.4 Shields
 + Level 2.0 Invocations


You had 6 spell levels left.
You didn't know any spells.
Your spell library was empty.

Dungeon Overview and Level Annotations

Branches:
Dungeon (5/15)             Temple (1/1) D:4

Altars:
Ashenzari
Cheibriados
Dithmenos
Elyvilon
Gozag
Hepliaklqana
Kikubaaqudgha
Makhleb
Nemelex Xobeh
Okawaru
Qazlal
Ru
Sif Muna
Trog
Vehumet
Wu Jian
Xom
Yredelemnul
The Shining One


Innate Abilities, Weirdness & Mutations

You have a pair of horns on your head.
You reflexively headbutt those who attack you in melee.


Message History

You closely miss the lemure. You headbutt the lemure.
The lemure is lightly wounded.
You block the lemure's attack.
You closely miss the lemure. Your headbutt misses the lemure.
The lemure is lightly wounded.
The lemure hits you but does no damage.
You hit the lemure but do no damage. Your headbutt misses the lemure.
The lemure is lightly wounded.
You block the lemure's attack.
You hit Pikel but do no damage. You headbutt Pikel.
Pikel is lightly wounded.
Pikel hits you but does no damage.
You barely miss Pikel.
Pikel is lightly wounded.
Pikel says, "I'm sure the Orcish Mines are around here somewhere..."
You block Pikel's attack.
You closely miss Pikel. You headbutt Pikel.
Pikel is moderately wounded.
Pikel zaps a wand.
You resist with some effort.
The iguana hisses menacingly.
Pikel hits you but does no damage.
You hit Pikel. Your headbutt misses Pikel.
Pikel is moderately wounded.
Pikel hits you with a +2 whip of freezing.
Pikel freezes you.
You hit Pikel.
Pikel is moderately wounded.
Pikel hits you with a +2 whip of freezing.
Pikel freezes you.
You barely miss Pikel.
Pikel is moderately wounded.
Pikel hits you but does no damage.
You closely miss Pikel.
Pikel is moderately wounded.
Pikel barely misses you. You furiously retaliate!
You headbutt Pikel. You hit Pikel but do no damage.
Pikel is heavily wounded.
Pikel hits you but does no damage.
Pikel zaps a wand.
You suddenly lose the ability to move!
The iguana hisses menacingly.
Pikel says, "Hell isn't that bad."
Pikel hits you with a +2 whip of freezing!
Pikel freezes you.
Pikel hits you with a +2 whip of freezing!
Pikel freezes you.
You can move again.
You hit Pikel. You headbutt Pikel, but do no damage.
Pikel is heavily wounded.
Pikel hits you with a +2 whip of freezing!
* * * LOW HITPOINT WARNING * * *
Pikel freezes you.
* * * LOW HITPOINT WARNING * * *
You are too injured to fight recklessly!
It was a potion of attraction.
You feel attractive to monsters.
Pikel says, "Hell isn't that bad."
Pikel drinks a potion.
Pikel is healed!
w - 2 potions of heal wounds You feel very mighty all of a sudden.
Pikel hits you with a +2 whip of freezing.
* * * LOW HITPOINT WARNING * * *
Pikel freezes you.
* * * LOW HITPOINT WARNING * * *
You closely miss Pikel. You headbutt Pikel!
Pikel is moderately wounded.
Pikel hits you but does no damage.
You barely miss Pikel.
Pikel is moderately wounded.
You block Pikel's attack.
You closely miss Pikel.
Pikel is moderately wounded.
You block Pikel's attack. x2
You hit Pikel.
Pikel is moderately wounded.
Pikel zaps a wand.
You resist with some effort.
You barely miss Pikel. You headbutt Pikel!
Pikel is heavily wounded.
You block Pikel's attack.
You slash Pikel!
Pikel is almost dead.
Pikel zaps a wand.
You resist with some effort.
You slash Pikel! Lightning courses through Pikel!
You kill Pikel!
Okawaru is honoured by your kill.
You can now gain great but temporary skills.
With Pikel's spell broken, his former minions thank you for their freedom.
The lemure departs this earthly plane. x2; The centaur shoots an arrow.
The arrow hits you.
* * * LOW HITPOINT WARNING * * *
The centaur shoots an arrow.
The arrow hits you.
* * * LOW HITPOINT WARNING * * *
The centaur is attracted toward you. The iguana is attracted toward you.
Your Axes skill increases to level 7!
Your Shields skill increases to level 5!
Your Invocations skill gained 2 levels and is now at level 2!
You have reached level 7!
You hit the centaur. Lightning courses through the centaur!
The centaur is severely wounded.
The centaur unwields a +0 shortbow.
The centaur hits you.
You die...

..........# #.
..........# ...
....!.....# ..#
..........##..#
.....l...>...#
....5..§5§#
......###l#
..... #c# ...5
#@# ###########
s.. #.#
#.......... ..
#.# #.#########
. #.# #.# #.#
#.# #.# #.# #.#
#.# #.# #.# #.#
#.#


You could see a centaur, an iguana and an ufetubus.

Vanquished Creatures
  Pikel (D:5)
  Sigmund (D:4)
  A lemure (D:5)
  A necrophage (D:4)
  A scorpion (D:3)
  A jelly (D:4)
  2 orc priests (D:4)
  2 adders (D:3)
  2 worms
  2 dart slugs (D:1)
  5 orcs (D:4)
  6 endoplasms
  6 giant cockroaches
  5 goblins
  12 hobgoblins
  8 kobolds
  2 quokkas (D:1)
  9 ball pythons
  7 bats
  5 rats
79 creatures vanquished.

Notes
Turn   | Place    | Note
-------+----------+-------------------------------------------
     0 | D:1      | Flugkiller the Minotaur Fighter began the quest for the
                  | Orb.
     0 | D:1      | Reached XP level 1. HP: 19/19 MP: 0/0
   175 | D:1      | Reached skill level 3 in Axes
   175 | D:1      | Reached XP level 2. HP: 26/27 MP: 1/1
   217 | D:1      | Found a faded altar of an unknown god.
   230 | D:1      | Reached XP level 3. HP: 21/33 MP: 2/2
   966 | D:2      | Reached skill level 4 in Axes
  1509 | D:3      | Reached XP level 4. HP: 41/41 MP: 3/3
  1513 | D:3      | Found a white marble altar of Elyvilon.
  2131 | D:4      | Noticed a necrophage
  2138 | D:4      | Killed a necrophage
  2139 | D:4      | Reached XP level 5. HP: 40/47 MP: 4/4
  2245 | D:4      | Reached skill level 5 in Axes
  2269 | D:4      | Noticed Sigmund
  2458 | D:4      | Identified the +0 pair of boots of the Illusory People
                  | {Harm rN++ Str-4}
  2563 | D:4      | Reached skill level 5 in Fighting
  2563 | D:4      | Reached skill level 5 in Armour
  2563 | D:4      | Reached XP level 6. HP: 41/56 MP: 5/5
  2706 | D:4      | Killed Sigmund
  2707 | D:4      | Reached skill level 6 in Axes
  2842 | D:4      | Found a staircase to the Ecumenical Temple.
  3171 | Temple   | Entered the Ecumenical Temple
  3489 | Temple   | Became a worshipper of Warmaster Okawaru
  3514 | D:5      | Entered Level 5 of the Dungeon
  3565 | D:5      | Noticed Pikel
  3585 | D:5      | Paralysed by Pikel for 3 turns
  3597 | D:5      | Killed Pikel
  3597 | D:5      | Reached * piety under Okawaru
  3597 | D:5      | HP: 1/56 [centaur/arrow (4)]
  3598 | D:5      | Reached skill level 7 in Axes
  3598 | D:5      | Reached skill level 5 in Shields
  3598 | D:5      | Reached XP level 7. HP: 2/62 MP: 5/7
  3598 | D:5      | Slain by a centaur

Illustrated notes

Levels and vault maps discovered:
D:1:      dpeg_arrival_round_b, layout_rooms,
          hellmonk_ecumenical_altar_pennies_from_heaven
D:2:      layout_loops_ring, serial_undead, serial_undead_c, serial_undead_f,
          serial_undead_e, serial_undead_f
D:3:      layout_basic, elyvilon_altar_4, minivault_24
D:4:      layout_cave_pools, minmay_temple_entry_proselytizer, nrook_uturn,
          uniq_sigmund
D:5:      layout_basic, fedhas_bush_and_centaur_altar, serial_shops, shop,
          nicolae_shop_advertising_works [nicolae_subvault_shop_adworks], shop,
          uniq_pikel, uniq_blork_the_orc
Temple:   hc_temple_tempest_star

Skill      XL: |  1  2  3  4  5  6 |
---------------+-------------------+-----
Axes           | 3 4 5 7 |  7.2
Fighting       | 4 5 |  5.9
Armour         | 4 5 |  5.9
Shields        | 4 5 |  5.4
Invocations    | 2 |  2.0

Action                   |  1- 3 |  4- 6 |  7- 9 || total
-------------------------+-------+-------+-------++-------
Melee: War axe           |    88 |    76 |     1 ||   165
       Headbutt          |     9 |    13 |       ||    22
  Use: Potion            |       |     2 |       ||     2
Armor: Scale mail        |    33 |       |       ||    33
       Plate armour      |     2 |    50 |       ||    52
Dodge: Dodged            |    53 |    13 |       ||    66
Block: Buckler           |    15 |    18 |       ||    33
       Kite shield       |     3 |     7 |       ||    10
